 Dungeon Crawl Stone Soup version 0.23-a0-241-g3b46b07 (webtiles) character file.

3014 Illumine the Spear-Bearer (level 9, 0/102 HPs)
             Began as a Demonspawn Berserker on Sept 26, 2018.
             Was a Priest of Trog.
             Slain by a queen bee (2 damage)
             ... on level 8 of the Dungeon.
             The game lasted 00:17:38 (8040 turns).

Illumine the Spear-Bearer (Demonspawn Berserker)    Turns: 8040, Time: 00:17:39

Health: 0/102      AC: 24    Str: 22    XL:     9   Next: 55%
Magic:  11/11      EV:  2    Int:  8    God:    Trog [***...]
Gold:   319        SH:  0    Dex: 12    Spells: 8/8 levels left

rFire    . . .     SeeInvis .   m - +0 trident
rCold    + . .     Gourm    +   (no shield)
rNeg     + + +     Faith    .   (armour currently unavailable)
rPois    +         Spirit   .   (helmet currently unavailable)
rElec    .         Reflect  .   (cloak currently unavailable)
rCorr    .         Harm     .   (gloves currently unavailable)
MR       .....     NoTele   +   (boots currently unavailable)
Stlth    +++.......             F - amulet of the gourmand
HPRegen  0.27/turn              x - ring of protection from cold
MPRegen  0.12/turn              (no ring)

@: tree-form (expiring), berserk cooldown, slowed, very slow
A: nightstalker 2, flame cloud immunity
a: Berserk, Trog's Hand, Renounce Religion


You were on level 8 of the Dungeon.
You worshipped Trog.
Trog was most pleased with you.
You were not hungry.
You were a tree.
You visited 1 branch of the dungeon, and saw 8 of its levels.

You collected 319 gold pieces.

Inventory:

Hand Weapons
 a - a +1 war axe of venom
 m - a +0 trident (weapon)
 C - a +0 trident
Missiles
 d - 145 stones (quivered)
 o - 43 bolts
 A - 41 sling bullets
Armour
 h - a +0 cloak (melded)
 q - a +1 chain mail (melded)
Jewellery
 w - a +2 amulet of reflection
 x - a ring of protection from cold (left branch)
 F - an amulet of the gourmand (around neck)
Wands
 l - a wand of iceblast (9)
 E - a wand of flame (29)
Scrolls
 b - 2 scrolls of enchant armour
 e - 4 scrolls of remove curse
 f - 3 scrolls of immolation
 j - a scroll of magic mapping {unknown}
 p - a scroll of enchant weapon {unknown}
 s - 4 scrolls of teleportation
 t - a scroll of fog {unknown}
 y - a scroll of random uselessness {unknown}
 D - a scroll of blinking {unknown}
 G - a scroll of torment {unknown}
Potions
 g - a potion of haste {unknown}
 k - 2 potions of heal wounds {unknown}
 n - a potion of resistance {unknown}
 r - a potion of cancellation {unknown}
 u - a potion of berserk rage {unknown}
 v - a potion of brilliance {unknown}
 z - a potion of might {unknown}
 B - 2 potions of lignification
Comestibles
 c - 12 rations


   Skills:
 + Level 5.2 Fighting
 + Level 8.5 Polearms
 + Level 6.4 Armour
 + Level 4.2 Dodging
 + Level 3.9 Evocations


You had 8 spell levels left.
You didn't know any spells.
Your spell library was empty.

Dungeon Overview and Level Annotations

Branches:
Dungeon (8/15)             Temple (0/1) D:5            Lair (0/6) D:8

Altars:
Cheibriados
Dithmenos
Hepliaklqana
Nemelex Xobeh
Sif Muna
Xom


Innate Abilities, Weirdness & Mutations

((You have sharp toenails.))
((You are mostly covered in slimy green scales. (AC +3)))
((Your flesh is heat resistant. (rF+)))
You are significantly more attuned to the shadows.
You are immune to clouds of flame.


Message History

* * * LOW HITPOINT WARNING * * *
You hit the queen bee.
The queen bee is moderately wounded.
The queen bee stings you!
* * * LOW HITPOINT WARNING * * *
You closely miss the queen bee.
The queen bee is moderately wounded.
The queen bee stings you but does no damage.
The queen bee stings you.
* * * LOW HITPOINT WARNING * * *
You hit the queen bee.
The queen bee is heavily wounded.
Your transformation is almost over.
Your skin stops crawling.
You feel less resistant to hostile enchantments.
The queen bee stings you!
* * * LOW HITPOINT WARNING * * *
You hit the queen bee but do no damage.
The queen bee is heavily wounded.
The queen bee stings you.
You die...

.. .....#...........# ###
.##..#.#########.# ..#
.....#.# #.#.# #
#.###.#...#.#######.#.#..#
#..c...........†.........#
#.##.##...#.####....#.#..#
..h...H.....#............#
####...........#y...#.#..#
#......###..#♣...#.#..#
#...... #..#....#....#
...> #.........#.###
##..######.....#
#......###.###.##
#..........###..######
#....................#
.....##..####.##.####.#
#.########.## ## #...##.#


You could see a queen bee.

Vanquished Creatures
  A hornet (D:8)
  A hippogriff (D:8)
  A hungry ghost (D:8)
  3 orc warriors
  A black bear (D:6)
  A sky beast (D:7)
  4 ogres
  A phantom (D:5)
  3 centaurs
  2 bullfrogs (D:8)
  A water moccasin zombie (D:5)
  7 killer bees
  3 howler monkeys
  4 crimson imps
  6 orc priests
  2 hounds
  A jelly (D:8)
  3 orc wizards
  An iguana (D:4)
  2 worker ants
  A hound skeleton (D:8)
  A howler monkey zombie (D:8)
  A worker ant zombie (D:8)
  5 adders
  2 shadow imps
  3 adder skeletons
  2 worms (D:2)
  5 dart slugs
  5 leopard geckos
  17 orcs
  8 bats
  3 giant cockroaches
  9 goblins
  4 hobgoblins
  3 jackals (D:3)
  2 quokkas
  2 ball pythons
  3 frilled lizards
  A jackal zombie (D:6)
  11 kobolds
  A leopard gecko skeleton (D:8)
  A leopard gecko zombie (D:7)
  21 rats
159 creatures vanquished.

Vanquished Creatures (others)
  A fungus (D:8)
  4 plants (D:8)
5 creatures vanquished.

Grand Total: 164 creatures vanquished

Notes
Turn   | Place    | Note
-------+----------+-------------------------------------------
     0 | D:1      | Illumine the Demonspawn Berserker began the quest for the
                  | Orb.
     0 | D:1      | Reached XP level 1. HP: 18/18 MP: 1/1
    35 | D:1      | Reached skill level 3 in Polearms
    37 | D:1      | Gained mutation: You are partially covered in slimy green
                  | scales. (AC +2) [demonic ancestry]
    37 | D:1      | Reached XP level 2. HP: 20/24 MP: 2/2
   159 | D:1      | Reached ** piety under Trog
   297 | D:1      | Found a snail-covered altar of Cheibriados.
   402 | D:1      | Gained mutation: You are slightly more attuned to the
                  | shadows. [demonic ancestry]
   402 | D:1      | Reached XP level 3. HP: 14/29 MP: 3/3
  1796 | D:2      | Gained mutation: Your flesh is heat resistant. (rF+)
                  | [demonic ancestry]
  1796 | D:2      | Reached XP level 4. HP: 35/35 MP: 4/4
  2068 | D:2      | Reached skill level 4 in Polearms
  2703 | D:3      | Found a sparkling altar of Nemelex Xobeh.
  2872 | D:3      | Found a shimmering altar of Xom.
  2898 | D:3      | Gained mutation: You have sharp toenails. [demonic
                  | ancestry]
  2898 | D:3      | Reached XP level 5. HP: 41/41 MP: 5/5
  3247 | D:4      | Reached skill level 5 in Polearms
  3326 | D:4      | You fall through a shaft for 2 floors!
  3388 | D:6      | Noticed a centaur
  3403 | D:6      | Killed a centaur
  3403 | D:6      | Gained mutation: You are immune to clouds of flame.
                  | [demonic ancestry]
  3403 | D:6      | Reached XP level 6. HP: 8/47 MP: 6/6
  3601 | D:6      | Noticed an orc warrior
  3643 | D:5      | Entered Level 5 of the Dungeon
  3723 | D:5      | Found a shadowy altar of Dithmenos.
  3755 | D:5      | Found a staircase to the Ecumenical Temple.
  3832 | D:5      | Reached skill level 6 in Polearms
  3902 | D:5      | Found a shimmering altar of Xom.
  3921 | D:5      | Reached *** piety under Trog
  3921 | D:5      | Gained mutation: You are mostly covered in slimy green
                  | scales. (AC +3) [demonic ancestry]
  3921 | D:5      | Reached XP level 7. HP: 39/52 MP: 7/7
  4827 | D:5      | Found a hazy altar of Hepliaklqana.
  4978 | D:6      | Reached skill level 7 in Polearms
  5247 | D:6      | Reached skill level 5 in Armour
  5247 | D:6      | Gained mutation: You are significantly more attuned to the
                  | shadows. [demonic ancestry]
  5247 | D:6      | Reached XP level 8. HP: 17/58 MP: 8/8
  5865 | D:7      | Reached skill level 1 in Evocations
  6428 | D:7      | Found a deep blue altar of Sif Muna.
  6523 | D:7      | Reached skill level 8 in Polearms
  6909 | D:8      | Noticed a hornet
  6924 | D:8      | Paralysed by a hornet for 3 turns
  6931 | D:8      | Killed a hornet
  6931 | D:8      | Reached XP level 9. HP: 46/66 MP: 9/11
  7316 | D:8      | HP: 2/67 [killer bee (2)]
  7555 | D:8      | Found a staircase to the Lair.
  7738 | D:8      | Reached skill level 5 in Fighting
  8015 | D:8      | Noticed a queen bee
  8039 | D:8      | HP: 1/102 [queen bee (9)]
  8040 | D:8      | Slain by a queen bee

Vault maps used:
D:1:      erik_arrival_orb_chamber, cheibriados_altar_1
D:3:      nemelex_xobeh_ov_fountains_minmay, led_xom_imps
D:4:      kennysheep_big_flooded_room, kennysheep_generic_room_15
D:5:      nicolae_overflow_crystal_walls, nicolae_dithmenos_shadow_blocks,
          kennysheep_little_box, temple_hall, first_ration
D:6:      st_stairs_4
D:7:      lemuel_blue_sif_altar
D:8:      lair_entry_dummy, ebering_ghost_funeral_grove, david_nohive_1,
          chei_slow_surprise

Skill      XL: |  1  2  3  4  5  6  7  8  9 |
---------------+----------------------------+-----
Polearms       | 3 4 5 6 7 8 |  8.5
Armour         | 2 3 4 5 6 |  6.4
Dodging        | 3 4 |  4.2
Evocations     | 2 3 |  3.9
Fighting       | 4 5 |  5.2

Action                   |  1- 3 |  4- 6 |  7- 9 || total
-------------------------+-------+-------+-------++-------
Melee: Spear             |   185 |   288 |    67 ||   540
       Kick              |       |    36 |   118 ||   154
       Trident           |       |       |   353 ||   353
Throw: Stone             |       |       |     1 ||     1
Invok: Trog's Hand       |       |     3 |     8 ||    11
       Berserk           |       |       |     6 ||     6
  Use: Scroll            |       |     5 |     4 ||     9
       Potion            |       |       |     6 ||     6
 Stab: Sleeping          |     9 |       |       ||     9
       Distracted        |     1 |       |       ||     1
  Eat: Chunk             |     3 |     8 |    26 ||    37
       Ration            |       |       |     4 ||     4
Armor: Animal skin       |    31 |     1 |       ||    32
       Chain mail        |       |   145 |   248 ||   393
       Skin              |       |       |    10 ||    10
Dodge: Dodged            |    80 |    91 |   176 ||   347

Table legend:
 A = Non-vault XP
 B = Vault XP
 C = Vault XP percentage of total XP
 D = Non-vault monster count
 E = Vault monster count
 F = Vault count percentage of total count
                 A         B        C        D         E       F
            +---------+---------+-------+---------+---------+-------
      Total |    3691 |     616 |  14.3 |     136 |      23 |  14.5
            +---------+---------+-------+---------+---------+-------
        D:1 |      49 |      12 |  19.7 |      28 |      12 |  30.0
        D:2 |      46 |       0 |   0.0 |      21 |       0 |   0.0
        D:3 |      66 |      98 |  59.8 |      14 |       2 |  12.5
        D:4 |     175 |      37 |  17.5 |      12 |       1 |   7.7
        D:5 |     205 |       0 |   0.0 |       5 |       0 |   0.0
        D:6 |     807 |      44 |   5.2 |      17 |       1 |   5.6
        D:7 |     941 |     122 |  11.5 |      23 |       2 |   8.0
        D:8 |    1402 |     303 |  17.8 |      16 |       5 |  23.8
            +---------+---------+-------+---------+---------+-------
